 Dungeon Crawl Stone Soup version 0.21-a0-624-g16f8e2c (webtiles) character file.

15283 Spazmo the Thaumaturge (level 11, -4/66 HPs)
             Began as a Deep Elf Fire Elementalist on Dec 23, 2017.
             Was a High Priest of Vehumet.
             Slain by a rakshasa
             ... wielding a +0 trident
              (24 damage)
             ... on level 11 of the Dungeon on Dec 24, 2017.
             The game lasted 00:57:38 (10768 turns).

Spazmo the Thaumaturge (DEFE)                      Turns: 10768, Time: 00:57:39

Health: -4/66      AC:  9    Str:  5    XL:     11   Next: 99%
Magic:  20/30      EV: 19    Int: 28    God:    Vehumet [*****.]
Gold:   541        SH:  0    Dex: 15    Spells: 15/36 levels left

rFire    + + .     SeeInvis .   x - staff of fire
rCold    + + .     Gourm    .   (no shield)
rNeg     . . .     Faith    .   D - +2 robe {rC+ rF+}
rPois    .         Spirit   .   r - +0 helmet
rElec    .         Reflect  .   n - +0 cloak
rCorr    .         Harm     .   (no gloves)
MR       +....                  B - +2 pair of boots
Stlth    ++........             (no amulet)
HPRegen  0.21/turn              e - +4 ring of intelligence
MPRegen  0.22/turn              l - ring of protection from cold

@: no status effects
A: no striking features
a: Renounce Religion


You were on level 11 of the Dungeon.
You worshipped Vehumet.
Vehumet was extremely pleased with you.
You were not hungry.

You visited 1 branch of the dungeon, and saw 11 of its levels.

You collected 541 gold pieces.

Inventory:

Hand Weapons
 g - a +2 short sword of venom
 m - a +4 quarterstaff of chaos
Missiles
 f - 276 stones (quivered)
 h - 18 poisoned needles
Armour
 n - a +0 cloak (worn)
 r - a +0 helmet (worn)
 B - a +2 pair of boots (worn)
 D - a +2 robe of resistance (worn)
Magical Staves
 x - an uncursed staff of fire (weapon)
Jewellery
 e - a +4 ring of intelligence (left hand)
 l - a ring of protection from cold (right hand)
Wands
 p - a wand of paralysis (21)
 t - a wand of enslavement (8)
 u - a wand of polymorph (15)
 y - a wand of iceblast (7)
 A - a wand of scattershot (4)
 C - a wand of clouds (6)
Scrolls
 d - 3 scrolls of identify
 o - 2 scrolls of teleportation
 q - 6 scrolls of enchant armour
 v - 8 scrolls of remove curse
 z - 4 scrolls of amnesia
Potions
 i - 2 potions of might
 j - 4 potions of haste
 k - 4 potions of curing
 E - a potion of brilliance
 F - a potion of agility
Books
 b - a book of Flames

   Spells                             Type                      Level
   a - Flame Tongue                   Conjuration/Fire             1
   b - Throw Flame                    Conjuration/Fire             2
   c - Conjure Flame                  Conjuration/Fire             3
   d - Inner Flame                    Hexes/Fire                   3
   e - Sticky Flame                   Conjuration/Fire             4
   f - Fireball                       Conjuration/Fire             5
 s - a book of Frost

   Spells                             Type                      Level
   a - Freeze                         Ice                          1
   b - Throw Frost                    Conjuration/Ice              2
   c - Ozocubu's Armour               Charms/Ice                   3
   d - Throw Icicle                   Conjuration/Ice              4
   e - Summon Ice Beast               Ice/Summoning                4
 w - a book of Necromancy

   Spells                             Type                      Level
   a - Pain                           Necromancy                   1
   b - Animate Skeleton               Necromancy                   1
   c - Vampiric Draining              Necromancy                   3
   d - Regeneration                   Charms/Necromancy            3
   e - Animate Dead                   Necromancy                   4
   f - Borgnjor's Vile Clutch         Necromancy/Earth             5
 G - a book of Maledictions

   Spells                             Type                      Level
   a - Corona                         Hexes                        1
   b - Ensorcelled Hibernation        Hexes/Ice                    2
   c - Confuse                        Hexes                        3
   d - Tukima's Dance                 Hexes                        3
   e - Dazzling Spray                 Conjuration/Hexes            3
 I - a book of Enchantments

   Spells                             Type                      Level
   a - Cause Fear                     Hexes                        4
   b - Yara's Violent Unravelling     Hexes/Transmutation          5
   c - Silence                        Hexes/Air                    5
   d - Deflect Missiles               Charms/Air                   6
   e - Discord                        Hexes                        8
Comestibles
 c - 17 rations


   Skills:
 - Level 6.5 Fighting
 - Level 10.0 Dodging
 - Level 3.0 Stealth
 - Level 13.3 Spellcasting
 + Level 10.4 Conjurations
 + Level 10.4 Fire Magic


You had 15 spell levels left.
You knew the following spells:

 Your Spells              Type           Power        Failure   Level  Hunger
a - Flame Tongue          Conj/Fire      #####        1%          1    None
b - Throw Flame           Conj/Fire      ######       1%          2    None
c - Conjure Flame         Conj/Fire      #######.     1%          3    None
d - Sticky Flame          Conj/Fire      #######.     1%          4    None
e - Fireball              Conj/Fire      #######...   1%          5    ##.....
f - Deflect Missiles      Chrm/Air       ###.......   99%         6    ####...


Dungeon Overview and Level Annotations

Branches:
Dungeon (11/15)            Temple (0/1) D:7            Lair (0/6) D:11
    Orc (0/2) D:10

Altars:
Ashenzari
Cheibriados
Elyvilon
Hepliaklqana
Makhleb
Okawaru
Qazlal
Ru
Uskayaw
Vehumet
Xom
Yredelemnul
The Shining One

Shops:
D:8 %   D:9 !


Message History

Confirm with . or Enter, or press ? or * to list all spells.
Aiming: Flame Tongue
Press: ? - help, Shift-Dir - straight line, f - rakshasa
Aim: a rakshasa, wielding a trident and wearing a robe (heavily wounded, covered in liquid flames)
You feel a surge of power!
The flame tongue hits the rakshasa.
The rakshasa appears unharmed.
The rakshasa is heavily wounded.
The rakshasa burns! x3; The rakshasa completely misses you.
The rakshasa hits you from afar with a trident!
The rakshasa blinks!
Casting: Flame Tongue
Confirm with . or Enter, or press ? or * to list all spells.
Aiming: Flame Tongue
Press: ? - help, Shift-Dir - straight line, f/p - rakshasa
Aim: a rakshasa, wielding a trident and wearing a robe (heavily wounded, covered in liquid flames)
You feel a surge of power!
The flame tongue hits the rakshasa.
The rakshasa is heavily wounded.
The rakshasa burns! x3
The rakshasa hits you from afar with a trident!!
You die...
PPP...P... .....#†....
PP.....PPP ... #.....
PPPP.PP.PP . ###'###.†... .PP..PP.PP

P. #....##[.).. P...PP..P.
..##+####....#)).... W....P....
.............)...... ....P.P..#
#§R...C...#......
...##############.>.......##'####
................@R..#######(.....
...##.....#....##..R#.....(......
...##.....#....##...#............
.........##....##...#...........÷
...##....##....##...(............
J..##'#####....#....#............
....... #.....#....#....(.######
....... #.....#....#......#
#.....#....#...<..#


You could see 3 rakshasas and a cyclops.

Vanquished Creatures
  4 two-headed ogres
  A cyclops (D:11)
  A centaur zombie (D:10)
  An ice statue (D:8)
  6 ice devils (D:8)
  2 trolls
  A queen bee (D:8)
  Grinder (D:3)
  A hornet (D:10)
  Prince Ribbit (D:7)
  A shadow (D:11)
  Sigmund (D:3)
  17 yaks
  Grum (D:11)
  A hungry ghost (D:11)
  A water moccasin (D:10)
  3 porcupines (D:11)
  An ice beast (D:6)
  4 phantoms
  2 orc warriors (D:10)
  A black bear (D:7)
  2 sky beasts
  3 centaurs
  4 wolves (D:11)
  A big kobold (D:11)
  8 bullfrogs
  A gnoll sergeant (D:6)
  A wyvern skeleton (D:11)
  2 scorpions
  19 killer bees
  8 wights
  3 howler monkeys
  8 crimson imps
  A bullfrog zombie (D:6)
  A quasit (D:10)
  Crazy Yiuf (D:3)
  4 hounds
  A jelly (D:10)
  2 bullfrog skeletons
  4 orc priests
  10 orc wizards
  3 centaur skeletons
  An iron imp (D:6)
  An iguana (D:8)
  7 worker ants
  A killer bee zombie (D:8)
  A hound zombie (D:5)
  A worker ant zombie (D:11)
  13 adders
  9 gnolls
  2 shadow imps (D:7)
  6 ufetubi (D:8)
  4 oozes
  2 adder skeletons (D:7)
  An adder zombie (D:8)
  A worm (D:6)
  3 dart slugs
  8 leopard geckos
  45 orcs
  7 bats
  A giant cockroach (D:4)
  12 goblins
  7 hobgoblins
  15 jackals
  9 quokkas
  3 ball pythons
  3 frilled lizards
  A goblin skeleton (D:6)
  3 goblin zombies (D:6)
  A hobgoblin zombie (D:6)
  4 jackal skeletons
  9 kobolds
  2 kobold skeletons (D:6)
  A kobold zombie (D:6)
  A leopard gecko skeleton (D:3)
  2 orc zombies (D:6)
  A quokka skeleton (D:3)
  6 rats
333 creatures vanquished.

Vanquished Creatures (others)
  20 fungi (D:11)
  5 plants (D:11)
25 creatures vanquished.

Grand Total: 358 creatures vanquished

Notes
Turn   | Place    | Note
-------+----------+-------------------------------------------
     0 | D:1      | Spazmo the Deep Elf Fire Elementalist began the quest for the Orb.
     0 | D:1      | Reached XP level 1. HP: 10/10 MP: 6/6
   194 | D:1      | Reached XP level 2. HP: 13/15 MP: 0/8
   198 | D:1      | Learned a level 2 spell: Throw Flame
   915 | D:2      | Reached XP level 3. HP: 17/19 MP: 5/10
  1252 | D:2      | Found a white marble altar of Elyvilon.
  1522 | D:2      | Reached XP level 4. HP: 24/24 MP: 6/11
  1619 | D:2      | Learned a level 3 spell: Conjure Flame
  1624 | D:2      | Learned a level 4 spell: Sticky Flame
  1633 | D:2      | Reached skill level 9 in Spellcasting
  1633 | D:2      | Reached XP level 5. HP: 28/28 MP: 11/18
  1828 | D:3      | Found a runed door.
  1832 | D:3      | Noticed Crazy Yiuf
  1838 | D:3      | Killed Crazy Yiuf
  2052 | D:3      | Noticed Grinder
  2058 | D:3      | Paralysed by Grinder for 3 turns
  2061 | D:3      | Killed Grinder
  2061 | D:3      | Reached XP level 6. HP: 32/32 MP: 11/20
  2068 | D:3      | Learned a level 5 spell: Fireball
  2118 | D:3      | Noticed Sigmund
  2123 | D:3      | Killed Sigmund
  2123 | D:3      | Reached XP level 7. HP: 36/36 MP: 13/22
  2224 | D:3      | Found a sacrificial altar of Ru.
  2559 | D:4      | Noticed a hand axe
  2559 | D:4      | Found a hide-covered altar of Uskayaw.
  2559 | D:4      | Noticed a hand axe
  2599 | D:4      | Reached skill level 10 in Spellcasting
  2810 | D:4      | Found a shimmering altar of Xom.
  2810 | D:4      | Found a basalt altar of Yredelemnul.
  2811 | D:4      | Found a stormy altar of Qazlal.
  3064 | D:4      | Found a shattered altar of Ashenzari.
  3209 | D:4      | Found a radiant altar of Vehumet.
  3209 | D:4      | Found a burning altar of Makhleb.
  3218 | D:4      | Became a worshipper of Vehumet
  3572 | D:5      | Entered Level 5 of the Dungeon
  3702 | D:5      | Reached XP level 8. HP: 28/41 MP: 18/24
  4213 | D:6      | Found a snail-covered altar of Cheibriados.
  4263 | D:6      | Reached * piety under Vehumet
  4263 | D:6      | Offered knowledge of Magic Dart by Vehumet.
  4581 | D:6      | Found a glowing golden altar of the Shining One.
  4621 | D:6      | Reached skill level 10 in Fire Magic
  4703 | D:6      | Reached ** piety under Vehumet
  4798 | D:6      | Offered knowledge of Freeze by Vehumet.
  4816 | D:6      | Found a shimmering altar of Xom.
  4974 | D:7      | Reached XP level 9. HP: 37/45 MP: 2/25
  5259 | D:7      | Found a staircase to the Ecumenical Temple.
  5264 | D:7      | Reached skill level 10 in Conjurations
  5587 | D:7      | Found a hazy altar of Hepliaklqana.
  5623 | D:7      | Noticed Prince Ribbit
  5629 | D:7      | Killed Prince Ribbit
  5629 | D:7      | Reached skill level 1 in Fighting
  5724 | D:7      | Found an iron altar of Okawaru.
  5871 | D:8      | Noticed a two-headed ogre
  5879 | D:8      | Killed a two-headed ogre
  5951 | D:8      | Noticed an ice devil
  5951 | D:8      | Noticed an ice devil
  5951 | D:8      | Noticed an ice devil
  5952 | D:8      | Noticed an ice devil
  5952 | D:8      | Noticed an ice devil
  5952 | D:8      | Noticed an ice statue
  5954 | D:8      | Killed an ice devil
  5954 | D:8      | Reached skill level 5 in Dodging
  5954 | D:8      | Killed an ice devil
  5955 | D:8      | Noticed an ice devil
  5956 | D:8      | Killed an ice devil
  5963 | D:8      | Killed an ice devil
  5963 | D:8      | Reached XP level 10. HP: 56/56 MP: 13/26
  5967 | D:7      | Offered knowledge of Ignite Poison by Vehumet.
  6364 | D:8      | Reached *** piety under Vehumet
  6697 | D:8      | Noticed a two-headed ogre
  6704 | D:8      | Killed a two-headed ogre
  6704 | D:8      | Reached skill level 5 in Fighting
  6783 | D:8      | Found Xoni's Food Boutique.
  6827 | D:8      | Noticed a two-headed ogre
  6841 | D:8      | Killed a two-headed ogre
  7231 | D:8      | Found a shattered altar of Ashenzari.
  7401 | D:8      | Killed an ice statue
  7401 | D:8      | Offered knowledge of Dazzling Spray by Vehumet.
  7668 | D:9      | Found Luoma's Distillery.
  7822 | D:9      | Reached XP level 11. HP: 45/64 MP: 11/27
  8222 | D:10     | Entered Level 10 of the Dungeon
  8372 | D:10     | Reached skill level 10 in Dodging
  8436 | D:10     | Reached **** piety under Vehumet
  8619 | D:10     | Offered knowledge of Bolt of Draining by Vehumet.
  8630 | D:10     | Reached skill level 11 in Spellcasting
  8874 | D:10     | Found a staircase to the Orcish Mines.
  9005 | D:10     | Learned a level 6 spell: Deflect Missiles
  9305 | D:11     | Reached skill level 12 in Spellcasting
  9577 | D:11     | Noticed Grum
  9583 | D:11     | Killed Grum
  9584 | D:11     | Noticed a two-headed ogre
  9660 | D:10     | Killed a two-headed ogre
  9848 | D:11     | Reached ***** piety under Vehumet
  9848 | D:11     | Reached skill level 13 in Spellcasting
  9947 | D:11     | Offered knowledge of Irradiate by Vehumet.
 10438 | D:11     | Noticed a death knight
 10475 | D:11     | Found a staircase to the Lair.
 10759 | D:11     | Noticed a rakshasa
 10768 | D:11     | Slain by a rakshasa

Vault maps used:
D:1:      lightli_arrival_noodles, minmay_bisected
D:2:      elyvilon_altar_5
D:3:      lemuel_doored_altar, uniq_grinder, uniq_sigmund,
          uniq_crazy_yiuf_cottage
D:4:      grunt_temple_overflow_lords_of_destruction, dancing_weapons_uskayaw,
          cheibrodos_ashenzari_chains, gammafunk_temple_overflow_forgotten,
          first_ration, st_stairs_4
D:6:      nicolae_tso_besieged_by_evil, cheibriados_altar_1, xom_teletrap_fun
D:7:      okawaru_gym_becter, old_standard_altar, temple_pool_b,
          uniq_prince_ribbit1
D:8:      cheibrodos_frozen_isle, serial_shops, nicolae_shop_crystal,
          basic_altar, david_nohive_1, sigmund_army
D:9:      serial_shops, nicolae_shop_competitors_out_of_business
D:10:     david_orc_2
D:11:     due_lair_maze_entry_diamond, minmay_checkerbox, uniq_grum

Skill      XL: |  1  2  3  4  5  6  7  8  9 10 11 |
---------------+----------------------------------+-----
Stealth        | 3 |  3.0
Dodging        | 3 6 9 10 | 10.0
Conjurations   | 2 7 8 9 10 | 10.4
Fire Magic     | 4 8 9 10 | 10.4
Spellcasting   | 9 10 13 | 13.3
Fighting       | 3 5 6 |  6.5

Action                   |  1- 3 |  4- 6 |  7- 9 | 10-12 || total
-------------------------+-------+-------+-------+-------++-------
Melee: Dagger            |     5 |       |       |       ||     5
       Quarterstaff      |       |       |    30 |    15 ||    45
       Staff             |       |       |     1 |    13 ||    14
Throw: Stone             |       |       |       |     4 ||     4
 Cast: Flame Tongue      |    70 |    43 |   260 |   261 ||   634
       Throw Flame       |     2 |     3 |    21 |    30 ||    56
       Sticky Flame      |       |     3 |     6 |    51 ||    60
       Fireball          |       |       |     7 |    32 ||    39
       Conjure Flame     |       |       |       |     2 ||     2
Evoke: Wand              |       |       |       |     4 ||     4
  Use: Scroll            |     4 |     4 |     8 |     5 ||    21
       Potion            |     1 |     1 |     1 |     1 ||     4
 Stab: Sleeping          |       |       |     1 |       ||     1
  Eat: Chunk             |     2 |     2 |     8 |    11 ||    23
       Ration            |       |       |     1 |     2 ||     3
Armor: Robe              |     9 |     5 |    17 |    34 ||    65
Dodge: Dodged            |    23 |    10 |    56 |   151 ||   240

Table legend:
 A = Spawn XP
 B = Non-spawn XP
 C = Spawn XP percentage of total XP
 D = Spawn monster count
 E = Non-spawn monster count
 F = Spawn count percentage of total count
 G = Total turns spent on level
                    A         B        C        D         E        F      G
               +---------+---------+-------+---------+---------+-------+---------
         Total |       0 |   21725 |   0.0 |       0 |     333 |   0.0 | 10768
               +---------+---------+-------+---------+---------+-------+---------
           D:1 |       0 |      30 |   0.0 |       0 |      14 |   0.0 |   874
           D:2 |       0 |      78 |   0.0 |       0 |      25 |   0.0 |   783
           D:3 |       0 |     620 |   0.0 |       0 |      33 |   0.0 |   857
           D:4 |       0 |     505 |   0.0 |       0 |      27 |   0.0 |  1058
           D:5 |       0 |     445 |   0.0 |       0 |      18 |   0.0 |   665
           D:6 |       0 |     721 |   0.0 |       0 |      37 |   0.0 |   820
           D:7 |       0 |    1090 |   0.0 |       0 |      24 |   0.0 |   929
           D:8 |       0 |    7019 |   0.0 |       0 |      44 |   0.0 |  1481
           D:9 |       0 |     657 |   0.0 |       0 |      13 |   0.0 |   862
          D:10 |       0 |    6041 |   0.0 |       0 |      55 |   0.0 |  1500
          D:11 |       0 |    4519 |   0.0 |       0 |      43 |   0.0 |   939
               +---------+---------+-------+---------+---------+-------+---------
